 Dungeon Crawl Stone Soup version 0.19-a0-1224-g978f909 (webtiles) character file.

690 one1010 the Cleaver (level 7, -1/58 HPs)
             Began as a Hill Orc Fighter on Aug 25, 2016.
             Was an Initiate of Kikubaaqudgha.
             Slain by a centaur (2 damage)
             ... on level 5 of the Dungeon.
             The game lasted 00:09:39 (4199 turns).

one1010 the Cleaver (Hill Orc Fighter)              Turns: 4199, Time: 00:09:40

Health: -1/58      AC: 11    Str: 19 (21) XL:     7   Next: 63%
Magic:  7/7        EV:  7    Int:  7 (8)  God:    Kikubaaqudgha [......]
Gold:   171        SH:  9    Dex: 15      Spells: 0 memorised, 6 levels left

rFire  . . .     SeeInvis .     a - +0 war axe
rCold  . . .     Gourm    .     b - +1 scale mail
rNeg   . . .     Faith    .     c - +0 shield
rPois  .         Spirit   .     h - +0 helmet
rElec  .         Dismiss  +     g - +0 cloak
rCorr  .         Reflect  .     (no gloves)
MR     +....     Harm     .     o - +0 pair of boots
Stlth  ..........               k - amulet of dismissal
                                v - ring of protection from magic
                                i - +5 ring of dexterity

@: no status effects
A: no striking features
a: Renounce Religion


You were on level 5 of the Dungeon.
You worshipped Kikubaaqudgha.
Kikubaaqudgha was noncommittal.
You were hungry.

You visited 2 branches of the dungeon, and saw 6 of its levels.

You collected 171 gold pieces.

Inventory:

Hand Weapons
 a - a +0 war axe (weapon)
Armour
 b - a +1 scale mail (worn)
 c - a +0 shield (worn)
 g - a +0 cloak (worn)
 h - a +0 helmet (worn)
 o - a +0 pair of boots (worn)
Jewellery
 i - a +5 ring of dexterity (left hand)
 k - an amulet of dismissal (around neck)
 v - a ring of protection from magic (right hand)
Wands
 t - a wand of flame (14/48)
Scrolls
 e - 2 scrolls of immolation
 l - a scroll of teleportation
 n - 2 scrolls of random uselessness
 p - 2 scrolls of remove curse
Potions
 j - 2 potions of flight
 m - 2 potions of degeneration
 q - 3 potions of brilliance
 r - a potion of haste
Comestibles
 d - 2 meat rations
 f - 4 bread rations


   Skills:
 + Level 3.7 Fighting
 + Level 10.4 Axes
 + Level 3.4 Armour
 + Level 0.1 Dodging
 + Level 3.8 Shields


You had 6 spell levels left.
You didn't know any spells.

Dungeon Overview and Level Annotations

Branches:
Dungeon (5/15)             Temple (1/1) D:4

Altars:
Ashenzari
Cheibriados
Dithmenos
Elyvilon
Fedhas
Gozag
Hepliaklqana
Kikubaaqudgha
Makhleb
Nemelex Xobeh
Okawaru
Qazlal
Ru
Sif Muna
Trog
Uskayaw
Vehumet
Xom
Yredelemnul
Zin
The Shining One


Message History

The arrow hits you! The centaur hits you.
* * * LOW HITPOINT WARNING * * *
You hit the centaur but do no damage.
The centaur is moderately wounded.
The centaur shoots an arrow.
The arrow hits you.
* * * LOW HITPOINT WARNING * * *
You block the centaur's attack.
You hit the centaur.
The centaur is heavily wounded.
You are feeling hungry.
The centaur shoots an arrow.
The arrow hits you!
* * * LOW HITPOINT WARNING * * *
Your amulet of dismissal vibrates suddenly!
The centaur disappears!
The centaur closely misses you. The centaur barely misses you.
You completely miss the centaur.
The centaur is heavily wounded.
The centaur hits you.
You die...
Kikubaaqudgha rasps: "You have failed me!
Welcome... death!"

#.# #.# #.# ###
#.###.## #.##...##
##.#.....##
#..#(.....## ####
#.(((((@c..# #..##
##...........# ....#
##..........ยง.# ....#
##..#...........#
....###..###..........#
....##..##
##...........
....)....# ##..........
....##...## ##........#
..#####...# #..


You could see a centaur.

Vanquished Creatures
  Edmund (D:4)
  A phantom (D:4)
  An ogre (D:5)
  A crimson imp (D:5)
  A hound (D:4)
  Natasha (twice) (D:2)
  2 orc wizards
  Robin (D:4)
  4 gnolls (D:3)
  6 adders
  An ooze (D:5)
  2 worms
  A dart slug (D:1)
  3 giant geckos
  27 orcs
  8 bats
  A giant cockroach (D:3)
  14 goblins
  14 hobgoblins
  4 jackals (D:4)
  A quokka (D:3)
  3 ball pythons
  A giant gecko skeleton (D:4)
  A giant newt (D:2)
  3 kobolds
  6 rats
110 creatures vanquished.

Notes
Turn   | Place    | Note
-------+----------+-------------------------------------------
     0 | D:1      | one1010 the Hill Orc Fighter began the quest for the Orb.
     0 | D:1      | Reached XP level 1. HP: 19/19 MP: 1/1
    79 | D:1      | You fall through a shaft!
    83 | D:2      | Reached skill level 3 in Axes
   108 | D:2      | Reached skill level 4 in Axes
   108 | D:2      | Reached XP level 2. HP: 21/26 MP: 2/2
   241 | D:2      | Reached XP level 3. HP: 11/31 MP: 3/3
   741 | D:2      | Noticed Natasha
   754 | D:2      | Killed Natasha
   754 | D:2      | Reached skill level 5 in Axes
   754 | D:2      | Reached XP level 4. HP: 5/39 MP: 4/4
   957 | D:2      | Found a faded altar of an unknown god.
  1010 | D:2      | Reached skill level 6 in Axes
  1029 | D:2      | Noticed Natasha
  1035 | D:2      | Killed Natasha
  1672 | D:1      | Reached XP level 5. HP: 41/45 MP: 5/5
  2214 | D:3      | Reached skill level 7 in Axes
  2579 | D:3      | Reached skill level 8 in Axes
  2601 | D:3      | Reached XP level 6. HP: 45/51 MP: 6/6
  2971 | D:4      | Noticed Robin
  2978 | D:4      | Noticed Edmund
  3006 | D:4      | Killed Edmund
  3006 | D:4      | Reached skill level 9 in Axes
  3010 | D:4      | Killed Robin
  3193 | D:4      | Noticed a phantom
  3240 | D:4      | Killed a phantom
  3240 | D:4      | Reached XP level 7. HP: 37/57 MP: 7/7
  3353 | D:4      | Found a staircase to the Ecumenical Temple.
  3364 | Temple   | Entered the Ecumenical Temple
  3499 | Temple   | Became a worshipper of Kikubaaqudgha
  3584 | D:4      | Reached skill level 10 in Axes
  3795 | D:5      | Entered Level 5 of the Dungeon
  4198 | D:5      | HP: 1/58 [centaur/arrow (10)]
  4199 | D:5      | Slain by a centaur

Vault maps used:
D:1:      noname_arrival_rooms_in_the_neighbourhood
D:2:      ecumenical_altar_1, first_bread, minmay_octomino_e4, uniq_natasha
D:4:      uniq_edmund, uniq_robin
Temple:   kilobyte_greek_temple

Skill      XL: |  1  2  3  4  5  6  7 |
---------------+----------------------+-----
Axes           | 4 5 6 8 9 10 | 10.4
Fighting       | |  3.7
Armour         | |  3.4
Dodging        | |  0.1
Shields        | |  3.8

Action                   |  1- 3 |  4- 6 |  7- 9 || total
-------------------------+-------+-------+-------++-------
Melee: War axe           |    66 |   226 |    72 ||   364
  Use: Potion            |     1 |     4 |       ||     5
       Scroll            |       |     6 |     4 ||    10
  Eat: Chunk             |       |     7 |     3 ||    10
       Beef jerky        |       |     1 |       ||     1
Armor: Scale mail        |    29 |   109 |    33 ||   171
Dodge: Dodged            |    22 |    66 |    19 ||   107
Block: Shield            |    36 |   103 |    39 ||   178
